 Dungeon Crawl Stone Soup version 0.21.1-1-g345015f (webtiles) character file.

110 Fang the Skirmisher (level 4, -3/29 HPs)
             Began as a Gargoyle Berserker on June 15, 2018.
             Was a Believer of Trog.
             Slain by a gnoll
             ... wielding a +0 flail
              (13 damage)
             ... while paralysed
             ... on level 3 of the Dungeon.
             The game lasted 00:02:10 (1864 turns).

Fang the Skirmisher (Gargoyle Berserker)            Turns: 1864, Time: 00:02:11

Health: -3/29      AC:  5    Str: 22    XL:     4   Next: 91%
Magic:  4/4        EV:  2    Int:  7    God:    Trog [**....]
Gold:   160        SH:  0    Dex:  9    Spells: 3/3 levels left

rFire    . . .     SeeInvis .   a - +0 hand axe
rCold    . . .     Gourm    .   (no shield)
rNeg     + . .     Faith    .   b - +0 animal skin
rPois    ∞         Spirit   .   (no helmet)
rElec    +         Reflect  .   (no cloak)
rCorr    .         Harm     .   (no gloves)
MR       .....                  (no boots)
Stlth    +.........             (no amulet)
HPRegen  0.09/turn              (no ring)
MPRegen  0.09/turn              (no ring)

@: paralysed, berserk cooldown, slowed
A: negative energy resistance 1, electricity resistance, unbreathing,
petrification resistance, rot immunity, AC +3
a: Berserk, Trog's Hand, Burn Spellbooks, Renounce Religion


You were on level 3 of the Dungeon.
You worshipped Trog.
Trog was pleased with you.
You were near starving.

You visited 1 branch of the dungeon, and saw 3 of its levels.

You collected 160 gold pieces.

Inventory:

Hand Weapons
 a - a +0 hand axe (weapon)
Armour
 b - a +0 animal skin (worn)
Scrolls
 c - a scroll of magic mapping {unknown}
 d - a scroll of immolation {unknown}
 i - 3 scrolls of identify {unknown}
 k - 3 scrolls of remove curse {unknown}
 n - a scroll of amnesia {unknown}
Potions
 e - a potion of agility {unknown}
 f - a potion of invisibility {unknown}
 g - a potion of might {unknown}
 h - 2 potions of haste {unknown}
 j - a potion of degeneration {unknown}
 l - 3 potions of curing {unknown}
 m - a potion of mutation {unknown}


   Skills:
 + Level 4.0 Fighting
 + Level 4.0 Axes
 + Level 2.4 Armour
 + Level 2.1 Dodging
 + Level 0.5 Stealth


You had 3 spell levels left.
You didn't know any spells.

Dungeon Overview and Level Annotations

Branches:
Dungeon (3/15)

Altars:


Innate Abilities, Weirdness & Mutations

You are resistant to torment.
Your stone body is resilient. (AC +3)
You are immune to poison.
You resist negative energy. (rN+)
You are resistant to electric shocks. (rElec)
You can survive without breathing.
You are immune to petrification.
You are immune to rotting.


Message History

You are too injured to fight recklessly!
You are too injured to fight recklessly!
You are too injured to fight recklessly!
You are too injured to fight recklessly!
You are too injured to fight recklessly!
Unknown command.
You slash the gnoll!
The gnoll is severely wounded.
You barely miss the gnoll. The gnoll barely misses you.
You slash the gnoll!
You kill the gnoll!
Trog accepts your kill.
You closely miss the gnoll. The gnoll barely misses you.
Unknown command.
You found a teleport trap!
You are no longer berserk.
You pass out from exhaustion.
You feel yourself slow down. The gnoll hits you with a flail!
You die...

.# .# .# ≈#.≈ # .# .⌠#≈#
#.###+##.# ≈..≈
#........ ..# ##....g##
######.## #....g@.##
##.##.#..#
#......%..####......#.##
+....^....'.............
#.........####........##
##.......## ##.....†.#
##.....## #.#...#.#
##...## #.......# ##+#
####.#### #.#


You could see 2 gnolls.

Vanquished Creatures
  A quasit (D:2)
  A gnoll (D:3)
  2 adders
  3 worms (D:2)
  2 dart slugs
  2 leopard geckos
  A ball python (D:2)
  3 giant cockroaches (D:1)
  3 hobgoblins (D:1)
  3 kobolds
  A quokka (D:2)
  8 bats
  A frilled lizard (D:1)
  4 goblins
  3 rats (D:2)
38 creatures vanquished.

Notes
Turn   | Place    | Note
-------+----------+-------------------------------------------
     0 | D:1      | Fang the Gargoyle Berserker began the quest for the Orb.
     0 | D:1      | Reached XP level 1. HP: 14/14 MP: 1/1
   276 | D:1      | Reached XP level 2. HP: 15/19 MP: 2/2
  1101 | D:2      | Reached XP level 3. HP: 20/24 MP: 3/3
  1268 | D:2      | Reached XP level 4. HP: 29/29 MP: 4/4
  1383 | D:2      | Reached ** piety under Trog
  1864 | D:3      | Slain by a gnoll

Skill      XL: |  1  2  3  4 |
---------------+-------------+-----
Axes           | 3 4 |  4.0
Fighting       | 4 |  4.0
Dodging        | 2 |  2.1
Armour         | |  2.4
Stealth        | |  0.5

Action                   |  1- 3 |  4- 6 || total
-------------------------+-------+-------++-------
Melee: Hand axe          |    81 |    66 ||   147
Invok: Berserk           |     2 |     1 ||     3
 Stab: Sleeping          |     1 |       ||     1
  Eat: Chunk             |     1 |       ||     1
       Ration            |       |     1 ||     1
Armor: Animal skin       |    31 |    15 ||    46
Dodge: Dodged            |    83 |    54 ||   137
